[Event "ICC tourney 2604 (40 5)"]
[Site "Internet Chess Club"]
[Date "2021.06.12"]
[Round "1"]
[White "WIDJAJA, LUKE:K06-16010621"]
[Black "YU, DYLAN:K06-15800955"]
[Result "1-0"]
[ICCResult "Black checkmated"]
[WhiteElo "1257"]
[BlackElo "1763"]
[Opening "Caro-Kann: two knights variation"]
[ECO "B11"]
[NIC "CK.01"]
[Time "11:05:08"]
[PlyCount "25"]
[TimeControl "2400+5"]

1. e4 c6 2. Nc3 d5 3. Nf3 dxe4 4. Nxe4 Bf5 5. Ng3 Bg6 6. h4 h6 7. Ne5 Bh7
8. Qh5 g6 9. Qf3 Nf6 10. Qb3 Qd5 11. Qxb7 Qxe5+ 12. Be2 Nfd7 13. Qc8# {
Black checkmated } 1-0

[Event "ICC tourney 2604 (40 5)"]
[Site "Internet Chess Club"]
[Date "2021.06.12"]
[Round "1"]
[White "ZOFFER, OSKAR:K06-16471866"]
[Black "MULLODZHANOV, NATHANIEL:K06-15706544"]
[Result "1-0"]
[ICCResult "Black checkmated"]
[WhiteElo "1680"]
[BlackElo "2005"]
[Opening "Nimzovich-Larsen attack: modern variation"]
[ECO "A01"]
[NIC "VO.08"]
[Time "11:05:04"]
[PlyCount "115"]
[TimeControl "2400+5"]

1. b3 e5 2. Bb2 Nc6 3. e3 Nf6 4. Nf3 d6 5. Be2 Be7 6. O-O O-O 7. d3 Be6 8.
Nbd2 Qd7 9. a3 Rad8 10. c4 Nb8 11. Ng5 c5 12. Nxe6 Qxe6 13. Bf3 Nc6 14. Ne4
Ne8 15. Nc3 Kh8 16. Nd5 f5 17. b4 e4 18. Nf4 Qf7 19. dxe4 fxe4 20. Bxe4
Qxc4 21. Bd5 Qb5 22. Ne6 Nf6 23. Nxd8 Rxd8 24. Be6 cxb4 25. axb4 Qxb4 26.
Qb3 Qe4 27. Ra4 Qg6 28. Qxb7 Qe8 29. Rc1 Ne5 30. Rxa7 Bf8 31. Rc8 Rxc8 32.
Qxc8 Qxc8 33. Bxc8 h6 34. Ra8 g5 35. f4 gxf4 36. exf4 Nf3+ 37. gxf3 Kg7 38.
Be6 Be7 39. Ra7 Kf8 40. Bxf6 Bxf6 41. Rf7+ Ke8 42. Rxf6 h5 43. Rh6 Ke7 44.
Rxh5 Kxe6 45. Kf2 d5 46. Ke3 Kf6 47. Kd4 Ke6 48. Rxd5 Kf6 49. Re5 Kg6 50.
f5+ Kg5 51. Ke4 Kf6 52. Re6+ Kf7 53. Ke5 Kg7 54. Rf6 Kh7 55. Rg6 Kh8 56.
Kf6 Kh7 57. Kf7 Kh8 58. Rh6# { Black checkmated } 1-0

[Event "ICC tourney 2604 (40 5)"]
[Site "Internet Chess Club"]
[Date "2021.06.12"]
[Round "1"]
[White "NATHAN, NITISH SG:K06-15494283"]
[Black "GOLDSTEIN, ARAV MICAH:K06-15497770"]
[Result "1-0"]
[ICCResult "Black checkmated"]
[WhiteElo "1941"]
[BlackElo "1635"]
[Opening "Queen's pawn: London system"]
[ECO "A45"]
[NIC "QP.07"]
[Time "11:05:04"]
[PlyCount "115"]
[TimeControl "2400+5"]

1. d4 Nf6 2. Bf4 d5 3. e3 c5 4. c3 Nc6 5. Nd2 e6 6. Ngf3 Bd6 7. Bg3 O-O 8.
Bd3 Qe7 9. Ne5 Bxe5 10. dxe5 Nd7 11. Nf3 c4 12. Bc2 b5 13. a3 a5 14. O-O
Rb8 15. e4 Nb6 16. exd5 exd5 17. e6 Rb7 18. exf7+ Rxf7 19. Re1 Qf8 20. Ng5
Bf5 21. Nxf7 Qxf7 22. Bxf5 Qxf5 23. Qd2 Nd7 24. Qf4 Qxf4 25. Bxf4 Nc5 26.
Bg3 Nd3 27. Re6 Nd8 28. Re8+ Kf7 29. Rxd8 Nxb2 30. Rxd5 Na4 31. Rc1 Re7 32.
h3 b4 33. axb4 axb4 34. cxb4 c3 35. Ra5 Nb2 36. Rxc3 Nd1 37. Rc7 Rxc7 38.
Bxc7 Nc3 39. b5 Nxb5 40. Rxb5 Ke7 41. Bg3 g6 42. Rb7+ Kf6 43. Rxh7 g5 44.
h4 g4 45. Rh5 Kg6 46. Rg5+ Kh6 47. Rxg4 Kh5 48. Ra4 Kh6 49. Kh2 Kh5 50. Kh3
Kh6 51. Kg4 Kg6 52. Ra6+ Kh7 53. Kg5 Kg7 54. Ra7+ Kf8 55. h5 Kg8 56. h6 Kh8
57. Kg6 Kg8 58. Ra8# { Black checkmated } 1-0

[Event "ICC tourney 2604 (40 5)"]
[Site "Internet Chess Club"]
[Date "2021.06.12"]
[Round "1"]
[White "VANZANDWEGHE, HENRI:K06-15949902"]
[Black "KAMATH, AYUSH:K06-16652416"]
[Result "1-0"]
[ICCResult "Black checkmated"]
[WhiteElo "1774"]
[BlackElo "1329"]
[Opening "Giuoco Piano: Anderssen variation"]
[ECO "C54"]
[NIC "IG.02"]
[Time "11:05:21"]
[PlyCount "63"]
[TimeControl "2400+5"]

1. e4 e5 2. Nf3 Nc6 3. Bc4 Bc5 4. c3 Nf6 5. d4 exd4 6. e5 d5 7. Bb5 Ne4 8.
cxd4 Bb4+ 9. Bd2 Bxd2+ 10. Nbxd2 Bg4 11. Qc2 Nxd2 12. Nxd2 Bd7 13. Bxc6
Bxc6 14. O-O O-O 15. f4 Bd7 16. f5 Qg5 17. f6 Qe3+ 18. Rf2 Qxd4 19. Qxc7
Be6 20. Nf3 Qb4 21. a3 Qb5 22. Nd4 Qd7 23. Nxe6 Qxe6 24. fxg7 Kxg7 25. Rf6
Qg4 26. Raf1 Qh5 27. e6 Kh8 28. Rxf7 Rxf7 29. exf7 Qh6 30. Qc3+ Qg7 31.
f8=Q+ Rxf8 32. Rxf8# { Black checkmated } 1-0

[Event "ICC tourney 2604 (40 5)"]
[Site "Internet Chess Club"]
[Date "2021.06.12"]
[Round "1"]
[White "WILSON, RONEN:K06-15349011"]
[Black "TEITELMAN, AIDEN:K06-15429990"]
[Result "1-0"]
[ICCResult "Black forfeits on time"]
[WhiteElo "2079"]
[BlackElo "1710"]
[Opening "Sicilian: Kan, 5.Nc3"]
[ECO "B43"]
[NIC "SI.41"]
[Time "11:05:02"]
[PlyCount "49"]
[TimeControl "2400+5"]

1. e4 c5 2. Nf3 e6 3. d4 cxd4 4. Nxd4 a6 5. Nc3 Qc7 6. g3 Nf6 7. Bg2 d6 8.
O-O Nbd7 9. f4 Be7 10. g4 Nc5 11. g5 Ng8 12. a4 Bd7 13. Be3 h6 14. h4 hxg5
15. hxg5 Bf8 16. Qd2 Ne7 17. b4 Nxa4 18. Nxa4 Rc8 19. Rf2 d5 20. Nc5 dxe4
21. Bxe4 Nd5 22. Bxd5 Bxc5 23. bxc5 exd5 24. Re1 O-O 25. Rh2 { Black
forfeits on time } 1-0

[Event "ICC tourney 2604 (40 5)"]
[Site "Internet Chess Club"]
[Date "2021.06.12"]
[Round "1"]
[White "ZHAO, ERICK:K06-15346712"]
[Black "BAYYARAPU, MOHIT SREEJAN:K06-15582120"]
[Result "1-0"]
[ICCResult "Black resigns"]
[WhiteElo "2270"]
[BlackElo "1742"]
[Opening "Sicilian: Kan, Maróczy bind (Réti variation)"]
[ECO "B41"]
[NIC "SI.41"]
[Time "11:05:06"]
[PlyCount "97"]
[TimeControl "2400+5"]

1. e4 c5 2. Nf3 e6 3. d4 cxd4 4. Nxd4 a6 5. c4 Nf6 6. Nc3 Qc7 7. Nc2 Nc6 8.
Bd3 Be7 9. O-O O-O 10. f4 d6 11. Be3 b6 12. Rc1 Rb8 13. b4 Qd7 14. b5 Na5
15. bxa6 Bxa6 16. e5 Ne8 17. Nb5 g6 18. Nb4 Bxb5 19. cxb5 Nc7 20. Na6 Nxa6
21. bxa6 d5 22. Qe2 d4 23. Bb5 Qd5 24. Rfd1 Bc5 25. Bf2 Rfd8 26. a4 Rbc8
27. Bd3 Nc6 28. Be4 Qd7 29. Qb5 Na7 30. Qxd7 Rxd7 31. Bb7 Rb8 32. Rc4 Rbd8
33. Kf1 Kf8 34. Rd3 Ke7 35. Bh4+ Ke8 36. Bxd8 Kxd8 37. Ke2 Rc7 38. g4 Nc6
39. Bxc6 Rxc6 40. Rdxd4+ Kc7 41. a7 Kb7 42. Rd7+ Ka8 43. Rxf7 h5 44. gxh5
gxh5 45. Rc1 Rc8 46. Rd1 Rf8 47. Rxf8+ Bxf8 48. Rd8+ Kxa7 49. Rxf8 { Black
resigns } 1-0

[Event "ICC tourney 2604 (40 5)"]
[Site "Internet Chess Club"]
[Date "2021.06.12"]
[Round "1"]
[White "TAO, SIHAN:K06-16931716"]
[Black "YAO, JERRY:K06-15860426"]
[Result "0-1"]
[ICCResult "White resigns"]
[WhiteElo "1530"]
[BlackElo "1893"]
[Opening "Caro-Kann: classical, 6.h4"]
[ECO "B18"]
[NIC "CK.12"]
[Time "11:05:05"]
[PlyCount "86"]
[TimeControl "2400+5"]

1. e4 c6 2. d4 d5 3. Nc3 dxe4 4. Nxe4 Bf5 5. Ng3 Bg6 6. h4 h6 7. h5 Bh7 8.
Nf3 Nd7 9. Bd3 Bxd3 10. Qxd3 Qc7 11. Bd2 e6 12. O-O-O Ngf6 13. Ne4 O-O-O
14. Nxf6 Nxf6 15. Qe2 Rd5 16. c4 Rxh5 17. Rxh5 Nxh5 18. Bc3 Bd6 19. Kb1 Rd8
20. g3 Qe7 21. Kc2 Nf6 22. Ne5 Nd7 23. Qg4 f5 24. Qe2 Nxe5 25. dxe5 Bc5 26.
Rxd8+ Qxd8 27. b4 Bd4 28. f4 Bxc3 29. Kxc3 a5 30. a3 b6 31. Qh5 Qd7 32. Qf3
Kb8 33. Qe3 axb4+ 34. axb4 Qa7 35. Kb3 b5 36. Qd3 Qa4+ 37. Kb2 Qxb4+ 38.
Ka1 Qa5+ 39. Kb1 Qc7 40. Kc1 b4 41. Qb3 Qa5 42. Qb1 Qa3+ 43. Kd2 Qc3+ {
White resigns } 0-1

[Event "ICC tourney 2604 (40 5)"]
[Site "Internet Chess Club"]
[Date "2021.06.12"]
[Round "1"]
[White "PATANKAR, VIJAY:K06-16438548"]
[Black "BUGAYEV, GEORGE:K06-15696525"]
[Result "1-0"]
[ICCResult "Black checkmated"]
[WhiteElo "940"]
[BlackElo "1758"]
[Opening "Réti: King's Indian attack (Barcza system)"]
[ECO "A07"]
[NIC "QP.09"]
[Time "11:05:07"]
[PlyCount "141"]
[TimeControl "2400+5"]

1. Nf3 d5 2. g3 Nf6 3. Bg2 e6 4. O-O Nbd7 5. d3 Be7 6. c4 c6 7. a3 a5 8.
Nbd2 O-O 9. Rb1 a4 10. Ra1 b5 11. cxb5 cxb5 12. Nb1 Qb6 13. b3 Nc5 14. b4
Nb3 15. Ra2 Bb7 16. Nbd2 Nxc1 17. Qxc1 Rac8 18. Qb2 Rc7 19. Raa1 Rfc8 20.
Rac1 h6 21. Rxc7 Rxc7 22. Rc1 Rxc1+ 23. Qxc1 Ng4 24. e3 Kf8 25. d4 Nf6 26.
Ne1 Ke8 27. Nd3 Bd6 28. Bf1 Ke7 29. Nb1 Ne4 30. f3 Nf6 31. Nc3 Ba6 32. Qc2
e5 33. Nc5 exd4 34. exd4 Bxc5 35. dxc5 Qc6 36. Qe2+ Kd7 37. Nxa4 bxa4 38.
Qxa6 Qxa6 39. Bxa6 Kc6 40. Bd3 d4 41. Be4+ Kc7 42. Kf2 Nd7 43. f4 Nf6 44.
Bf3 g5 45. Ke2 g4 46. Bg2 Ne8 47. Kd3 Ng7 48. Kxd4 Ne6+ 49. Ke5 h5 50. Bd5
Nf8 51. Bxf7 Nd7+ 52. Ke6 Nf8+ 53. Ke7 Nd7 54. Bxh5 Kc6 55. Bxg4 Nb8 56. h4
Kb5 57. Be2+ Kc6 58. h5 Na6 59. Bxa6 Kc7 60. h6 Kc6 61. h7 Kc7 62. h8=Q Kc6
63. g4 Kd5 64. g5 Ke4 65. g6 Kxf4 66. g7 Ke3 67. g8=Q Kf4 68. Qe6 Kg5 69.
Qf8 Kh4 70. Qf4+ Kh5 71. Qfg4# { Black checkmated } 1-0

[Event "ICC tourney 2604 (40 5)"]
[Site "Internet Chess Club"]
[Date "2021.06.12"]
[Round "1"]
[White "ABE, ABISAYO:K06-15761580"]
[Black "SHOME, ANIRUDH:K06-15937035"]
[Result "1-0"]
[ICCResult "Black forfeits on time"]
[WhiteElo "1762"]
[BlackElo "1082"]
[Opening "Queen's Pawn"]
[ECO "A41"]
[NIC "KI.79"]
[Time "11:05:06"]
[PlyCount "85"]
[TimeControl "2400+5"]

1. d4 d6 2. Nf3 Nf6 3. g3 g6 4. Bg2 Bg7 5. O-O O-O 6. c4 Na6 7. Nc3 c5 8.
d5 Bf5 9. Bg5 Qd7 10. Bxf6 Bxf6 11. e4 Bh3 12. Qb3 Bxg2 13. Kxg2 Nc7 14.
Rfe1 Rab8 15. e5 Bg7 16. Qc2 Qg4 17. Qd3 a6 18. Rab1 b5 19. b3 bxc4 20.
bxc4 Rxb1 21. Nxb1 Rb8 22. exd6 exd6 23. Re7 Ne8 24. Nbd2 h6 25. Qa3 Qc8
26. Ra7 Nc7 27. Qa5 Rb7 28. Rxb7 Qxb7 29. Ne4 Bf8 30. Nf6+ Kg7 31. Qxc7
Qxc7 32. Ne8+ Kg8 33. Nxc7 a5 34. a4 f5 35. Nb5 Kf7 36. Nc7 Kf6 37. Ne6 Be7
38. h3 g5 39. g4 f4 40. Nd2 Ke5 41. Kf3 Bf6 42. Nb3 Be7 43. Nxa5 { Black
forfeits on time } 1-0

[Event "ICC tourney 2604 (40 5)"]
[Site "Internet Chess Club"]
[Date "2021.06.12"]
[Round "1"]
[White "POTHURI, ABHIRAM SAI:K06-15560780"]
[Black "GILLSTON, NOAH:K06-15800411"]
[Result "1-0"]
[ICCResult "Black forfeits on time"]
[WhiteElo "1948"]
[BlackElo "1671"]
[Opening "French: Tarrasch, closed variation"]
[ECO "C05"]
[NIC "FR.17"]
[Time "11:05:04"]
[PlyCount "81"]
[TimeControl "2400+5"]

1. e4 e6 2. d4 d5 3. Nd2 Nf6 4. e5 Nfd7 5. Bd3 c5 6. c3 Nc6 7. Ne2 Be7 8.
O-O O-O 9. Nf3 f6 10. exf6 Nxf6 11. Ng3 Qb6 12. Re1 Bd6 13. b3 cxd4 14.
cxd4 Bb4 15. Re2 Bc3 16. Bb2 Bxb2 17. Rxb2 g6 18. Re2 Nxd4 19. Nxd4 Qxd4
20. Rc1 Bd7 21. Rd2 Qb6 22. Qe2 Rac8 23. Rxc8 Rxc8 24. h3 Rc1+ 25. Nf1 Nh5
26. Qg4 Nf6 27. Qg5 Kg7 28. h4 Bb5 29. h5 Bxd3 30. Rxd3 Ra1 31. Qe5 Rxa2
32. Rf3 Qd8 33. h6+ Kf7 34. g4 g5 35. Qxg5 Qh8 36. Qe5 Kg6 37. g5 Qg8 38.
Rxf6+ Kh5 39. Ng3+ Kg4 40. Rf4+ Kh3 41. Nf1 { Black forfeits on time } 1-0

[Event "ICC tourney 2604 (40 5)"]
[Site "Internet Chess Club"]
[Date "2021.06.12"]
[Round "1"]
[White "SATTARU, SRITEJ SAI:K06-16084553"]
[Black "JARGALSAIKHAN, OCHIR:K06-30018301"]
[Result "1-0"]
[ICCResult "Black checkmated"]
[WhiteElo "1796"]
[BlackElo "1492"]
[Opening "Sicilian: Nimzovich-Rossolimo attack (with ...g6, without ...d6)"]
[ECO "B31"]
[NIC "SI.31"]
[Time "11:05:02"]
[PlyCount "141"]
[TimeControl "2400+5"]

1. e4 c5 2. Nf3 Nc6 3. Bb5 g6 4. c3 Bg7 5. d4 cxd4 6. cxd4 e6 7. Nc3 a6 8.
Bxc6 dxc6 9. O-O h6 10. Re1 Ne7 11. Be3 O-O 12. Rc1 b5 13. Qd2 Kh7 14. Red1
Bb7 15. Ne5 c5 16. f3 f5 17. a3 c4 18. Kh1 g5 19. Qc2 f4 20. Bg1 h5 21. b3
Qc7 22. bxc4 Bxe5 23. dxe5 bxc4 24. Na4 Rac8 25. Rd6 Ng6 26. Qb2 Rfe8 27.
Nb6 Rcd8 28. Rxc4 Qg7 29. Qc3 Qxe5 30. Qxe5 Nxe5 31. Rxd8 Rxd8 32. Rc7+ Kg6
33. Rxb7 g4 34. Rc7 Rd1 35. Rc3 gxf3 36. gxf3 Nd3 37. Nc4 Ne1 38. Nb2 Rb1
39. Nd3 Nxf3 40. Nxf4+ Kg5 41. Rxf3 Kg4 42. Rf2 Ra1 43. Nxe6 Rxa3 44. Kg2
h4 45. h3+ Kh5 46. Nf4+ Kg5 47. Nd5 Rg3+ 48. Kh2 a5 49. Rg2 Rxg2+ 50. Kxg2
a4 51. Kf3 Kg6 52. Nc3 Kf6 53. Bc5 Ke5 54. Nxa4 Ke6 55. Kf4 Kf6 56. Bf2 Ke6
57. Bxh4 Kf7 58. Nc5 Ke8 59. e5 Kf7 60. e6+ Ke8 61. Bg3 Ke7 62. Kf5 Ke8 63.
Ke5 Ke7 64. Ne4 Ke8 65. h4 Ke7 66. h5 Ke8 67. h6 Kf8 68. Kf5 Ke7 69. h7 Ke8
70. h8=R+ Ke7 71. Bd6# { Black checkmated } 1-0

[Event "ICC tourney 2604 (40 5)"]
[Site "Internet Chess Club"]
[Date "2021.06.12"]
[Round "1"]
[White "GOVINDARAJULA, PRANAY SIDDHARTH:K06-17345554"]
[Black "HO, JASPER:K06-16038265"]
[Result "1/2-1/2"]
[ICCResult "Game drawn by mutual agreement"]
[WhiteElo "1333"]
[BlackElo "1794"]
[Opening "QGD semi-Slav: Meran variation"]
[ECO "D47"]
[NIC "SL.09"]
[Time "11:05:13"]
[PlyCount "103"]
[TimeControl "2400+5"]

1. d4 d5 2. c4 c6 3. Nf3 Nf6 4. e3 e6 5. Nc3 Nbd7 6. Bd3 dxc4 7. Bxc4 b5 8.
Bd3 Bd6 9. O-O O-O 10. e4 e5 11. dxe5 Nxe5 12. Nxe5 Bxe5 13. Qc2 Bb7 14. f4
Bd4+ 15. Kh1 h6 16. Qe2 a6 17. e5 Bxc3 18. bxc3 Nd5 19. Bb2 c5 20. c4 Nb4
21. Bb1 bxc4 22. e6 Qd5 23. Qg4 f6 24. e7 Rfe8 25. Bf5 Rxe7 26. Rae1 Rae8
27. Rxe7 Rxe7 28. Rg1 Nd3 29. Bxd3 cxd3 30. Bxf6 Rf7 31. Be5 Rd7 32. Bc3
Re7 33. Rd1 c4 34. Qg3 Qd7 35. Re1 d2 36. Bxd2 Rxe1+ 37. Qxe1 Qd5 38. Qe2
Kh7 39. h3 Qd3 40. Qxd3+ cxd3 41. Kg1 Kg6 42. Kf2 Kf5 43. Ke3 Bxg2 44. h4
Kg4 45. Kxd3 Kxh4 46. Kc4 Bf1+ 47. Kd4 g5 48. fxg5 hxg5 49. Ke4 g4 50. Be1+
Kh3 51. Kf4 Be2 52. Bg3 { Game drawn by mutual agreement } 1/2-1/2

[Event "ICC tourney 2604 (40 5)"]
[Site "Internet Chess Club"]
[Date "2021.06.12"]
[Round "1"]
[White "GAW, CHLOE:K06-16608942"]
[Black "HARDAWAY, BREWINGTON:K06-15728407"]
[Result "0-1"]
[ICCResult "White forfeits on time"]
[WhiteElo "1719"]
[BlackElo "2240"]
[Opening "King's Indian: Semi-Averbakh system"]
[ECO "E73"]
[NIC "KI.27"]
[Time "11:05:07"]
[PlyCount "106"]
[TimeControl "2400+5"]

1. d4 Nf6 2. c4 g6 3. Nc3 Bg7 4. e4 d6 5. Be2 O-O 6. Be3 e5 7. d5 a5 8. g4
c6 9. h4 cxd5 10. cxd5 Na6 11. h5 Nc5 12. f3 Bd7 13. Qd2 Rb8 14. hxg6 fxg6
15. Nh3 Bxg4 16. fxg4 Nfxe4 17. Nxe4 Nxe4 18. Qd3 Ng3 19. Bg5 Qb6 20. Qxg3
Qxb2 21. Rd1 e4 22. Qb3 Qe5 23. Bf4 Rxf4 24. Nxf4 Qxf4 25. Qh3 h6 26. Rf1
Qg5 27. Rf2 Rc8 28. Kf1 Rc3 29. Qg2 Qe5 30. Qh2 Qe7 31. Qf4 Ra3 32. Bb5 e3
33. Re2 Rc3 34. Bd3 Be5 35. Qxh6 Qf6+ 36. Kg2 g5 37. Qh7+ Kf8 38. Rf1 Bf4
39. Rxe3 Rc8 40. Re6 Qf7 41. Qh8+ Qg8 42. Rf6+ Ke7 43. Re1+ Be5 44. Qh6
Qxd5+ 45. Rf3 Qxa2+ 46. Re2 Qg8 47. Bf5 Rc4 48. Kh3 Kd8 49. Bh7 Qd5 50.
Qf8+ Kc7 51. Rf7+ Kb6 52. Qd8+ Ka7 53. Rf1 Rc3+ { White forfeits on time }
0-1

[Event "ICC tourney 2604 (40 5)"]
[Site "Internet Chess Club"]
[Date "2021.06.12"]
[Round "1"]
[White "FENG, ANDREW T:K06-15666552"]
[Black "MOHSENIN, CYRUS:K06-17008780"]
[Result "0-1"]
[ICCResult "White checkmated"]
[WhiteElo "1919"]
[BlackElo "1539"]
[Opening "Caro-Kann: Panov-Botvinnik attack, 5...e6"]
[ECO "B14"]
[NIC "CK.02"]
[Time "11:05:05"]
[PlyCount "146"]
[TimeControl "2400+5"]

1. e4 c6 2. d4 d5 3. exd5 cxd5 4. c4 e6 5. Nc3 Nf6 6. Bf4 a6 7. Nf3 Be7 8.
c5 O-O 9. Bd3 b6 10. b4 Bd7 11. O-O Nc6 12. a3 bxc5 13. bxc5 Qa5 14. Qc2
Rfe8 15. h3 g6 16. Rfb1 Nh5 17. Bh2 Bf6 18. g4 Ng7 19. Ne2 Rec8 20. Rb7 Be8
21. Bd6 Bd8 22. Nd2 Ra7 23. Nb3 Qa4 24. Nc3 Nxd4 25. Nxd4 Qxc2 26. Bxc2
Rxb7 27. Bd3 Ra7 28. Rb1 Bc7 29. Bxc7 Rcxc7 30. c6 h6 31. Rb8 Kh7 32. f4
Bxc6 33. f5 exf5 34. Nxc6 Rxc6 35. Nxd5 Rd6 36. Bc4 fxg4 37. hxg4 Rxd5 38.
Bxd5 Rd7 39. Bc4 a5 40. Ra8 Ne6 41. Bxe6 fxe6 42. Rxa5 Rd4 43. Re5 Rxg4+
44. Kh2 Ra4 45. Rxe6 Rxa3 46. Rb6 Kg7 47. Kg2 g5 48. Kh2 h5 49. Kg2 g4 50.
Rc6 h4 51. Rc4 Rg3+ 52. Kh2 Kf6 53. Rc5 Ke6 54. Rh5 Rh3+ 55. Kg2 Kf6 56.
Ra5 Rc3 57. Ra6+ Ke5 58. Ra5+ Kd4 59. Ra4+ Rc4 60. Ra2 Kd3 61. Ra3+ Rc3 62.
Ra4 Rc2+ 63. Kg1 Rc4 64. Ra3+ Ke4 65. Kg2 Kf4 66. Rb3 h3+ 67. Kh1 g3 68.
Rb1 Re4 69. Kg1 Kf3 70. Rf1+ Kg4 71. Rb1 h2+ 72. Kh1 Kh3 73. Rb2 Re1# {
White checkmated } 0-1

[Event "ICC tourney 2604 (40 5)"]
[Site "Internet Chess Club"]
[Date "2021.06.12"]
[Round "1"]
[White "OKUNO, RION:K06-16978387"]
[Black "LIU, DAVIDSIQI:K06-15612561"]
[Result "0-1"]
[ICCResult "White checkmated"]
[WhiteElo "1587"]
[BlackElo "1933"]
[Opening "French: Steinitz, Boleslavsky variation"]
[ECO "C11"]
[NIC "FR.04"]
[Time "11:05:03"]
[PlyCount "152"]
[TimeControl "2400+5"]

1. e4 e6 2. d4 d5 3. Nc3 Nf6 4. e5 Nfd7 5. f4 c5 6. Nf3 Nc6 7. Be3 Be7 8.
Be2 O-O 9. O-O b6 10. Qd2 Bb7 11. Kh1 f6 12. Rad1 cxd4 13. Nxd4 Nxd4 14.
Bxd4 Rc8 15. Bg4 f5 16. Bf3 Ba6 17. Be2 Bxe2 18. Nxe2 Qc7 19. c3 Bc5 20.
Rg1 Nb8 21. g4 Qf7 22. Qe3 Nc6 23. gxf5 Qxf5 24. Rg5 Qc2 25. Rdg1 g6 26.
R5g2 Qxb2 27. Qh3 Nd8 28. Qh6 Qc2 29. Ng3 Qd3 30. Nh5 Rc7 31. Nf6+ Rxf6 32.
exf6 Qe4 33. Be5 Rf7 34. Rf1 Nc6 35. Qg5 Na5 36. h4 Qd3 37. Re1 Qh3+ 38.
Rh2 Qf3+ 39. Qg2 Qh5 40. Qg5 Qf3+ 41. Qg2 Qh5 42. Qe2 Qf5 43. h5 Nc4 44.
hxg6 hxg6 45. Rg2 Ne3 46. Rg3 Rh7+ 47. Kg1 Qe4 48. Qf3 Qxf3 49. Rxf3 Nc2+
50. Ree3 Nxe3 51. Bd4 Bxd4 52. cxd4 Nc4 53. Kg2 Kf7 54. Rc3 Kxf6 55. Kg3
Kf5 56. Rd3 Rh1 57. Kg2 Re1 58. Rg3 Re4 59. Rg5+ Kf6 60. Re5 Nxe5 61. dxe5+
Rxe5 62. fxe5+ Kxe5 63. Kf3 d4 64. Ke2 Ke4 65. Kd2 g5 66. Ke2 g4 67. Kf2 d3
68. Kg3 d2 69. Kxg4 d1=Q+ 70. Kg5 Qf3 71. Kg6 Qf5+ 72. Kg7 e5 73. Kh6 Qg4
74. Kh7 Kf5 75. a4 Kf6 76. a5 Qg7# { White checkmated } 0-1

[Event "ICC tourney 2604 (40 5)"]
[Site "Internet Chess Club"]
[Date "2021.06.12"]
[Round "1"]
[White "ANANTH, ANANYA:K06-15971911"]
[Black "BUCHANAN, ROYAL:K06-15612362"]
[Result "0-1"]
[ICCResult "White checkmated"]
[WhiteElo "1663"]
[BlackElo "1943"]
[Opening "Sicilian: Alapin's variation (2.c3)"]
[ECO "B22"]
[NIC "SI.46"]
[Time "11:05:41"]
[PlyCount "198"]
[TimeControl "2400+5"]

1. e4 c5 2. c3 g6 3. d4 cxd4 4. cxd4 d5 5. e5 Bg7 6. Nc3 Nc6 7. Nf3 Bg4 8.
Be2 Nh6 9. h3 Bxf3 10. Bxf3 e6 11. O-O Nf5 12. Be3 O-O 13. Qd2 f6 14. exf6
Qxf6 15. Ne2 Nfxd4 16. Nxd4 Nxd4 17. Bxd4 Qxd4 18. Qe2 Rfe8 19. b3 Rad8 20.
Rfd1 Qb6 21. Rac1 Qa5 22. Qd3 Rd6 23. b4 Qb6 24. a3 Red8 25. Rc5 Rc6 26.
Rdc1 Rxc5 27. Rxc5 Qd6 28. Qc2 Rd7 29. Qc1 Bd4 30. Rc2 Kg7 31. Qd2 Bf6 32.
Rc5 b6 33. Rc2 Rc7 34. Bd1 Rxc2 35. Bxc2 Qc6 36. Bb3 Qc3 37. Qxc3 Bxc3 38.
b5 Kf6 39. Kf1 Ke5 40. Ke2 Kd4 41. a4 e5 42. f3 h6 43. g4 g5 44. Bc2 Bb4
45. Bb3 e4 46. fxe4 dxe4 47. Bc2 Bc5 48. Bd1 Kc3 49. Ke1 Kd3 50. Bb3 Bb4+
51. Kd1 Ke3 52. Bc2 Kf3 53. Bb1 e3 54. Bd3 Kg3 55. Ke2 Bc5 56. Bf5 Kxh3 57.
Be6 Kh4 58. Bf5 h5 59. gxh5 Kxh5 60. Bh3 g4 61. Bg2 Kh4 62. Be4 Kg3 63. Ba8
Kh2 64. Kf1 g3 65. Bf3 e2+ 66. Kxe2 g2 67. Bxg2 Kxg2 68. Kd3 Kf3 69. Kc4
Ke4 70. a5 Bg1 71. a6 Bc5 72. Kb3 Kd4 73. Ka4 Be7 74. Kb3 Kc5 75. Ka4 Bf6
76. Kb3 Kxb5 77. Ka3 Kxa6 78. Kb3 Kb5 79. Ka3 Be7+ 80. Kb3 a5 81. Ka2 a4
82. Kb2 Kb4 83. Ka2 a3 84. Kb1 Kb3 85. Ka1 Bf6+ 86. Kb1 a2+ 87. Kc1 a1=Q+
88. Kd2 Qc3+ 89. Ke2 Bd8 90. Kf2 Qd3 91. Kg2 Kc3 92. Kh1 Kd4 93. Kg2 Qe3
94. Kh1 Qe2 95. Kg1 b5 96. Kh1 b4 97. Kg1 b3 98. Kh1 b2 99. Kg1 b1=Q# {
White checkmated } 0-1

[Event "ICC tourney 2604 (40 5)"]
[Site "Internet Chess Club"]
[Date "2021.06.12"]
[Round "2"]
[White "JARGALSAIKHAN, OCHIR:K06-30018301"]
[Black "GAW, CHLOE:K06-16608942"]
[Result "0-1"]
[ICCResult "White checkmated"]
[WhiteElo "1492"]
[BlackElo "1719"]
[Opening "QGA: 3.e4"]
[ECO "D20"]
[NIC "QG.04"]
[Time "14:00:14"]
[PlyCount "98"]
[TimeControl "2400+5"]

1. d4 d5 2. c4 dxc4 3. e4 e5 4. Nf3 exd4 5. Bxc4 Nc6 6. O-O Be6 7. Nbd2 Bc5
8. Qb3 Qd7 9. Qc2 Bb6 10. Ng5 Nf6 11. Nxe6 fxe6 12. Kh1 Ng4 13. Nb3 d3 14.
Qd2 Nce5 15. Qf4 Rf8 16. Qg5 h6 17. Qh5+ g6 18. Qh4 Nxf2+ 19. Rxf2 Bxf2 20.
Qxh6 Nxc4 21. Bg5 Bb6 22. Qxg6+ Qf7 23. Qxf7+ Rxf7 24. Nd2 Nxd2 25. Bxd2
Rf2 26. Rd1 Rd8 27. Bg5 Rd7 28. h4 d2 29. h5 Re2 30. Kh2 Be3 31. Bxe3 Rxe3
32. h6 Rxe4 33. Rxd2 Rxd2 34. Kg3 Ree2 35. h7 Rxg2+ 36. Kf4 Rh2 37. Ke5
Rxb2 38. Kxe6 Rb5 39. Kf6 Kf8 40. Kg6 Rb6+ 41. Kf5 Rxh7 42. a4 Rh5+ 43. Kg4
Ra5 44. Kf4 Rb4+ 45. Ke3 Raxa4 46. Kd2 Ra3 47. Kc2 Rh4 48. Kd2 Rh2+ 49. Kc1
Ra1# { White checkmated } 0-1

[Event "ICC tourney 2604 (40 5)"]
[Site "Internet Chess Club"]
[Date "2021.06.12"]
[Round "2"]
[White "HARDAWAY, BREWINGTON:K06-15728407"]
[Black "VANZANDWEGHE, HENRI:K06-15949902"]
[Result "1-0"]
[ICCResult "Black checkmated"]
[WhiteElo "2240"]
[BlackElo "1774"]
[Opening "Ruy Lopez: closed defense"]
[ECO "C84"]
[NIC "RL.13"]
[Time "14:00:13"]
[PlyCount "81"]
[TimeControl "2400+5"]

1. e4 e5 2. Nf3 Nc6 3. Bb5 a6 4. Ba4 Nf6 5. O-O Be7 6. d3 b5 7. Bb3 d6 8.
a3 O-O 9. h3 h6 10. Be3 Be6 11. Ba2 Bxa2 12. Rxa2 Nh7 13. Nc3 Bg5 14. Nxg5
Nxg5 15. Nd5 Ne6 16. Qg4 Kh8 17. Qh5 Kh7 18. c3 Ne7 19. a4 Nxd5 20. exd5
Nc5 21. axb5 axb5 22. Rxa8 Qxa8 23. Bxc5 dxc5 24. Qxe5 Rd8 25. c4 bxc4 26.
dxc4 Qa4 27. Qxc7 Ra8 28. Qxc5 Qb3 29. d6 Qxb2 30. Qd5 Rd8 31. c5 Qf6 32.
Rd1 Kg8 33. c6 Kf8 34. c7 Ke8 35. cxd8=Q+ Kxd8 36. Qa8+ Kd7 37. Qb7+ Kd8
38. Qc7+ Ke8 39. d7+ Ke7 40. Re1+ Qe6 41. d8=Q# { Black checkmated } 1-0

[Event "ICC tourney 2604 (40 5)"]
[Site "Internet Chess Club"]
[Date "2021.06.12"]
[Round "2"]
[White "MULLODZHANOV, NATHANIEL:K06-15706544"]
[Black "GOVINDARAJULA, PRANAY SIDDHARTH:K06-17345554"]
[Result "0-1"]
[ICCResult "White checkmated"]
[WhiteElo "2005"]
[BlackElo "1333"]
[Opening "Alekhine's defense: modern, Larsen variation"]
[ECO "B04"]
[NIC "AL.05"]
[Time "14:00:18"]
[PlyCount "96"]
[TimeControl "2400+5"]

1. e4 Nf6 2. e5 Nd5 3. d4 d6 4. Nf3 dxe5 5. Nxe5 Bf5 6. Bc4 c6 7. O-O e6 8.
Re1 Nd7 9. Nd2 Nxe5 10. dxe5 Bc5 11. Nb3 Bxf2+ 12. Kxf2 Qh4+ 13. Kg1 Qxc4
14. Nd4 Bg6 15. b3 Qc5 16. Bb2 Rd8 17. Kh1 O-O 18. c4 Nb4 19. Qg4 Nd3 20.
Bc3 Nxe1 21. Rxe1 Qe7 22. h3 Rd7 23. Kh2 Rfd8 24. Qf4 h6 25. Re3 Qc5 26.
Nf3 Rd3 27. Rxd3 Rxd3 28. Bd4 Qa3 29. b4 Qxa2 30. b5 Qxc4 31. bxc6 bxc6 32.
Qh4 c5 33. Qd8+ Kh7 34. Qc7 Rxd4 35. Nxd4 Qxd4 36. Qxa7 Qxe5+ 37. Kg1 c4
38. Qa3 c3 39. g4 c2 40. Qc1 Qd4+ 41. Kg2 Be4+ 42. Kg3 Qd1 43. Qf4 Qf3+ 44.
Qxf3 Bxf3 45. Kxf3 c1=Q 46. Kg3 Qg1+ 47. Kh4 Qf2+ 48. Kh5 g6# { White
checkmated } 0-1